AoeStats
← jhonskull87

MegaRandom

507534406Analyzed
3v3 RM · 15d ago on Sep 18, 2026· 66m 5s· 6 players
Game mode
Random Map
Map size
Normal (6 player)
Population
200
Speed
Normal
Resources
Standard
Victory
Conquest
Starting age
Dark Age
Ending age
Imperial Age
RankedLock teamsTeams togetherTeam positionsShared explorationLock speedFull tech treeHidden civsTurbo modeCheats
Victory
Defeat
🇻🇪 Cumans · Venezuela
751
+12
🇫🇷 Franks · France
694
+14
🇲🇽 Persians · Mexico
656
+15
🇧🇷 Spanish · Brazil
675
-15
🇦🇷 Burgundians · Argentina
662
-14
🇺🇸 Britons · United States
616
-12
jhonskull87
9:18 Loom
14:34 Feudal Age
18:35 Fishing Lines
19:47 Wheelbarrow
20:00 Double-Bit Axe
19:59 Horse Collar
22:48 Gold Mining
26:11 Castle Age
25:56 Forging
25:38 Fletching
25:49 Padded Archer Armor
27:16 Iron Casting
30:25 Hand Cart
29:56 Town Watch
29:57 Crossbowman
31:04 Parthian Tactics
32:58 Bow Saw
32:37 Gambesons
32:53 Squires
32:13 Pikeman
35:36 Ballistics
35:12 Murder Holes
40:30 Heated Shot
41:22 Town Patrol
42:02 Thumb Ring
41:18 Elite Skirmisher
41:30 Elite Skirmisher
42:16 Thumb Ring
47:14 Husbandry
47:24 Bloodlines
50:17 Leather Archer Armor
49:58 Bodkin Arrow
50:09 Scale Barding Armor
58:35 Imperial Age
58:48 Light Cavalry
58:49 Cavalier
61:30 Chemistry
60:41 Masonry
61:40 Scale Mail Armor
63:08 Savar
63:10 Heavy Camel Rider
65:08 Two-Man Saw
65:00 Gold Shaft Mining
64:56 Halberdier
chens_pancake
3:52 Loom
15:27 Feudal Age
21:47 Castle Age
19:36 Town Watch
21:53 Castle Age
19:46 Gold Mining
20:04 Double-Bit Axe
23:52 Bow Saw
24:48 Scale Barding Armor
24:54 Forging
27:01 Gold Shaft Mining
26:34 Husbandry
33:26 Caravan
35:11 Chain Barding Armor
35:28 Iron Casting
39:49 Wheelbarrow
39:25 Stone Mining
42:48 Hand Cart
46:07 Coinage
54:08 Imperial Age
51:39 Town Patrol
54:28 Murder Holes
54:44 Masonry
54:56 Ballistics
54:38 Cavalier
55:43 Conscription
57:31 Plate Barding Armor
59:26 Blast Furnace
58:17 Fletching
59:19 Chivalry
60:42 Paladin
64:18 Light Cavalry
Lheudrin
4:01 Loom
17:51 Feudal Age
18:48 Fishing Lines
18:58 Double-Bit Axe
19:54 Scale Barding Armor
20:00 Forging
20:06 Bloodlines
25:36 Wheelbarrow
24:46 Town Watch
31:03 Castle Age
29:21 Arson
30:51 Horse Collar
31:06 Capped Ram
33:24 Caravan
34:05 Hand Cart
35:52 Steppe Husbandry
35:46 Light Cavalry
36:40 Gillnets
36:54 Scale Mail Armor
36:56 Padded Archer Armor
38:54 Town Patrol
39:12 Fervor
39:45 Thumb Ring
40:02 Elite Skirmisher
44:37 Iron Casting
44:23 Chain Barding Armor
43:54 Fletching
44:04 Scale Mail Armor
44:21 Heavy Plow
45:16 Ballistics
45:07 Masonry
46:11 Bow Saw
49:47 Imperial Age
48:44 Bodkin Arrow
49:04 Leather Archer Armor
52:04 Two-Man Saw
52:11 Chemistry
52:43 Plate Barding Armor
52:38 Ring Archer Armor
53:09 Blast Furnace
52:33 Conscription
51:34 Elite Kipchak
52:06 Siege Ram
54:15 Hussar
57:27 Sanctity
57:15 Cuman Mercenaries
57:47 Chain Mail Armor
59:01 Stone Mining
59:02 Gold Mining
62:49 Gold Shaft Mining
64:06 Crop Rotation
65:42 Heated Shot
65:48 Murder Holes
66:06 Careening
66:06 Clinker Construction
Karma_Slays
15:58 Feudal Age
23:11 Double-Bit Axe
25:40 Castle Age
26:41 Loom
34:39 Horse Collar
olucat
12:35 Feudal Age
16:22 Loom
24:52 Castle Age
23:12 Town Watch
24:31 Gold Mining
26:47 Horse Collar
30:48 Heavy Plow
Sanmartin192
13:30 Feudal Age
13:00 Double-Bit Axe
17:36 Bow Saw
24:51 Castle Age
26:10 Squires
29:27 Horse Collar
30:11 Stone Mining
30:12 Gold Mining
32:15 Heavy Plow
33:51 Two-Man Saw
36:01 Imperial Age
34:17 Burgundian Vineyards
37:21 Forging
37:17 Scale Barding Armor
39:09 Wheelbarrow
39:23 Conscription
40:46 Hand Cart
41:45 Iron Casting
42:27 Crop Rotation
43:26 Gold Shaft Mining
43:28 Stone Shaft Mining
44:44 Blast Furnace
44:06 Chain Barding Armor
44:57 Elite Coustillier
52:22 Caravan
Connection lost

Rejoining the realm…

Still unreachable

The connection could not be restored.

Session expired

The server has moved on; the page needs a fresh start.